 Dungeon Crawl Stone Soup version 0.30-a0-1066-g63dfefce0d (webtiles) character file.

Game seed: 11686066567278387051

15167 retardedninja the Cleaver (level 12, -8/102 HPs)
             Began as a Naga Fighter on Apr 12, 2023.
             Was a Believer of Hepliaklqana.
             Killed from afar by a gargoyle (30 damage)
             ... with a stone arrow
             ... on level 10 of the Dungeon.
             The game lasted 00:21:23 (14058 turns).

retardedninja the Cleaver (Naga Fighter)           Turns: 14058, Time: 00:21:24

Health: -8/102     AC: 20    Str: 22    XL:     12   Next: 24%
Magic:  12/12      EV: 18    Int:  9    God:    Hepliaklqana [**....]
Gold:   1501       SH: 12    Dex: 12    Spells: 11/11 levels left

rFire   . . .      SeeInvis +    a - +0 war axe
rCold   . . .      Faith    .    w - +2 kite shield
rNeg    . . .      Spirit   .    i - +0 plate armour
rPois   +          Reflect  .    j - +1 helmet
rElec   .          Rampage  .    G - scarf {shadows}
rCorr   .                        x - +0 pair of gloves
Will    +....                    (no barding) Stlth
                                 z - amulet of the acrobat
HPRegen 0.37/turn                m - ring of flight
MPRegen 0.13/turn                d - +4 ring of protection

@: on berserk cooldown, acrobatic, flying, slowed, very slow
A: reduced essence, AC +4, large, see invisible, deformed body, poison
resistance, slowness 2, spit poison 1, naga tail 1
a: Spit Poison, Renounce Religion, Recall Ancestor, Ancestor Identity


You were on level 10 of the Dungeon.
You worshipped Hepliaklqana.
Hepliaklqana was pleased with you.
You visited 2 branches of the dungeon, and saw 13 of its levels.
You also visited: Ossuary.

You collected 1501 gold pieces.

Inventory:

Hand Weapons
 a - a +0 war axe (weapon)
Missiles
 b - a throwing net
Armour
 i - a +0 plate armour (worn)
 j - a +1 helmet (worn)
 w - a +2 kite shield (worn)
 x - a +0 pair of gloves (worn)
 G - a scarf of shadows (worn)
Jewellery
 d - a +4 ring of protection (right hand)
 m - a ring of flight (left hand)
 z - an amulet of the acrobat (around neck)
Wands
 v - a wand of paralysis (3)
 B - a wand of mindburst (7)
 C - a wand of flame (16)
 D - a wand of roots (3)
 E - a wand of polymorph (7)
Scrolls
 g - 5 scrolls of teleportation
 k - a scroll of immolation
 l - 3 scrolls of fear
 n - a scroll of enchant armour
 o - a scroll of vulnerability {unknown}
 p - 2 scrolls of torment
 q - 2 scrolls of fog
 y - 2 scrolls of summoning {unknown}
 H - a scroll of identify
Potions
 c - a potion of cancellation {unknown}
 e - 2 potions of curing
 f - a potion of flight
 h - 3 potions of attraction
 s - a potion of might
 t - a potion of lignification
 A - a potion of brilliance {unknown}
 F - a potion of resistance {unknown}
 K - 2 potions of mutation {unknown}


   Skills:
 + Level 9.0 Fighting
 * Level 12.0 Axes
 + Level 7.4 Armour
 - Level 8.3 Stealth
 + Level 8.2 Shields


You had 11 spell levels left.
You didn't know any spells.
Your spell library contained the following spells:

 Spells                   Type           Power      Damage    Failure   Level
 Apportation              Tloc           0%         N/A       100%        1
 Necrotise                Necr           0%         1d4       100%        1
 Sting                    Tmut/Pois      0%         1d3       100%        1
 Summon Small Mammal      Summ           0%         N/A       100%        1
 Poisonous Vapours        Pois/Air       0%         N/A       100%        2
 Sublimation of Blood     Necr           0%         N/A       100%        2
 Vhi's Electric Charge    Tloc/Air       0%         N/A       100%        3
 Anguish                  Hex/Necr       0%         N/A       100%        4
 Cause Fear               Hex            0%         N/A       100%        4
 Olgreb's Toxic Radiance  Pois           0%         N/A       100%        4
 Petrify                  Tmut/Erth      0%         N/A       100%        4
 Arcjolt                  Conj/Air       0%         1d10      100%        5
 Irradiate                Conj/Tmut      0%         3d11      100%        5
 Metabolic Englaciation   Hex/Ice        0%         N/A       100%        5
 Plasma Beam              Fire/Air       0%         2x1d11    100%        6
 Statue Form              Tmut/Erth      0%         N/A       100%        6
 Enfeeble                 Hex            0%         N/A       100%        7


Dungeon Overview and Level Annotations

Branches:
Dungeon (12/15)            Temple (1/1) D:7         Ossuary (visited)
   Lair: D:8-11         Orc: D:9-12

Altars:
Ashenzari
Cheibriados
Dithmenos
Elyvilon
Fedhas
Gozag
Hepliaklqana
Kikubaaqudgha
Makhleb
Nemelex Xobeh
Okawaru
Qazlal
Ru
Sif Muna
Trog
Uskayaw
Vehumet
Wu Jian
Xom
Yredelemnul
Zin
The Shining One

Shops:
D:2 :   D:4 ?

Annotations:
D:5 2 transporters, cheesebisquit's ghost, novice DrFE
D:6 GigaChad's ghost, novice FoFi


Innate Abilities, Weirdness & Mutations

Your life essence is reduced to manifest your ancestor. (-10% HP)
Your serpentine skin is tough. (AC +4)
You have supernaturally acute eyesight. (SInv)
Armour fits poorly on your strangely shaped body.
Your system is resistant to poisons. (rPois)
You cover ground very slowly.
You can spit poison.
You have a snake-like lower body.


Message History

You slash the wight!
The wight is severely damaged.
You slash the wight!
You destroy the wight!
The wight hits you but does no damage.
Unknown command.
You slice the wight!!
You destroy the wight!
Unknown command.
Things that are here:
a +0 spear; a +0 robe You feel a strong urge to attack something.
You feel your anger nearly subside.
You are no longer berserk.
You are exhausted.
You feel yourself slow down.
Autism hits the wight with a +0 quarterstaff!!
The wight is destroyed!
Your life force feels restored.
You swap places.
Found a scroll of identify.
You start resting.
A wight is nearby!
A wight is nearby!
A wight is nearby!
You block the wight's attack.
Autism hits the wight with a +0 quarterstaff!!
The wight is destroyed!
The gargoyle hits autism with a +0 morningstar!!
Autism gestures at the gargoyle while chanting.
The stone arrow misses the gargoyle.
The gargoyle hurls a stone arrow at you.
The stone arrow hits autism!
Autism hits the gargoyle with a +0 quarterstaff!
The gargoyle hurls a stone arrow at you.
The stone arrow hits autism!
Autism is destroyed!
Things that are here:
a +5 halberd; a +0 robe The gargoyle hurls a stone arrow at you.
The stone arrow hits you!!
You die...

...# ..##.#
########.###.###
#.....)........#
#.....).###.#.#######
#.#.######..#........
#.#9## #.##..#####.
#...)#####.##..# #.
#.#.@)...)..z..# #.
...#..###.......# #.
.?## #..# #...##..# #.
. ................. ..
###.......ยง##........
#..###>.###.?##.###
#.## ### #######


You could see a gargoyle.

Vanquished Creatures
  A two-headed ogre (D:9)
  An unseen horror (D:12)
  2 trolls (D:12)
  Sigmund (D:5)
  A slime creature (D:12)
  A wraith (D:12)
  Eustachio (D:4)
  A wyvern (D:10)
  5 yaks (D:9)
  A steam dragon (D:6)
  Edmund (D:4)
  2 acid dragons
  3 sky beasts
  An ice beast (D:7)
  3 orc warriors
  3 black bears
  An ogre (D:6)
  A hornet zombie (Ossuary)
  4 centaurs
  A phantom (D:5)
  A kobold brigand (D:7)
  Blork the orc (D:6)
  A bullfrog (D:6)
  4 wyvern zombies (Ossuary)
  3 scorpions
  A water moccasin zombie (Ossuary)
  6 wights
  8 howler monkeys
  4 bullfrog zombies (Ossuary)
  2 centaur zombies (Ossuary)
  2 jellies
  6 orc priests
  2 hounds
  4 sleepcaps
  5 orc wizards
  4 iguanas
  5 killer bee zombies (Ossuary)
  15 mummies
  A howler monkey zombie (Ossuary)
  3 gnolls (D:6)
  3 adders
  2 shadow imps
  2 white imps
  An ufetubus (D:5)
  A dart slug (D:4)
  33 orcs
  5 ball pythons
  12 bats
  8 endoplasms
  4 giant cockroaches
  5 goblins
  5 hobgoblins
  3 quokkas
  2 frilled lizards (D:2)
  13 kobolds
  11 rats
223 creatures vanquished.

Vanquished Creatures (collateral kills)
  Sonja (D:10)
  2 slime creatures (D:12)
  A shadow (D:11)
  A wraith (D:12)
  4 orc warriors (D:11)
  2 wights (D:10)
  An orc priest (D:11)
  8 orcs (D:11)
20 creatures vanquished.

Vanquished Creatures (others)
  3 battlemagi
  2 ancestors (D:9)
  2 withered plants (Ossuary)
7 creatures vanquished.

Grand Total: 250 creatures vanquished

Notes
Turn   | Place    | Note
-------+----------+-------------------------------------------
     0 | D:1      | retardedninja the Naga Fighter began the quest for the Orb.
     0 | D:1      | Reached XP level 1. HP: 21/21 MP: 1/1
   138 | D:1      | Reached XP level 2. HP: 22/28 MP: 2/2
   519 | D:1      | Reached XP level 3. HP: 34/34 MP: 3/3
  1062 | D:2      | Found a faded altar of an unknown god.
  1205 | D:2      | Found Qyomofib's Vocational Training.
  1331 | D:2      | Reached skill level 3 in Axes
  1442 | D:2      | Reached XP level 4. HP: 41/42 MP: 4/4
  2644 | D:4      | Noticed Edmund
  2658 | D:4      | Killed Edmund
  2659 | D:4      | Reached XP level 5. HP: 5/50 MP: 5/5
  3097 | D:4      | Reached skill level 4 in Axes
  3422 | D:4      | Noticed Eustachio
  3439 | D:4      | Killed Eustachio
  3440 | D:4      | Reached XP level 6. HP: 18/57 MP: 6/6
  3894 | D:4      | Reached XP level 7. HP: 46/64 MP: 7/7
  4112 | D:4      | Found Rarhurghe's Magic Scroll Shoppe.
  4168 | D:4      | Reached skill level 5 in Axes
  4738 | D:5      | Entered Level 5 of the Dungeon
  4741 | D:5      | Noticed Sigmund
  4746 | D:5      | Killed Sigmund
  4852 | D:5      | Found an opulent altar of Gozag.
  4852 | D:5      | Found a hide-covered altar of Uskayaw.
  4852 | D:5      | Found a shimmering blue altar of Sif Muna.
  4856 | D:5      | Noticed cheesebisquit's ghost (novice DrFE)
  5039 | D:5      | Reached XP level 8. HP: 32/73 MP: 8/8
  5184 | D:5      | Found a transporter.
  5197 | D:5      | Found a sand-covered staircase.
  5250 | Ossuary  | Entered an ossuary
  5272 | Ossuary  | Reached skill level 5 in Fighting
  5272 | Ossuary  | Reached skill level 6 in Axes
  5413 | Ossuary  | Reached skill level 5 in Shields
  5466 | Ossuary  | Reached skill level 7 in Axes
  5722 | Ossuary  | Reached XP level 9. HP: 39/82 MP: 9/9
  6929 | D:5      | Found a sparkling altar of Nemelex Xobeh.
  6972 | D:5      | Found an ancient bone altar of Kikubaaqudgha.
  6996 | D:5      | Found a transporter.
  7033 | D:5      | Identified a scroll of acquirement
  7034 | D:5      | Acquired 864 gold pieces
  7072 | D:6      | Reached skill level 5 in Armour
  7801 | D:6      | Reached skill level 8 in Axes
  7896 | D:6      | Noticed Blork the orc
  7900 | D:6      | Killed Blork the orc
  8234 | D:6      | Found a transporter.
  8234 | D:6      | Noticed GigaChad's ghost (novice FoFi)
  8235 | D:6      | Identified the +5 dire flail "Ecvufis" {protect, rElec
                  | rCorr Str+3 Dex+2}
  8235 | D:6      | Noticed a two-headed ogre
  8237 | D:6      | Found a transporter.
  8412 | D:6      | Reached skill level 1 in Stealth
  9460 | D:7      | Reached XP level 10. HP: 90/92 MP: 10/10
  9493 | D:7      | Reached skill level 9 in Axes
  9816 | D:7      | Found a staircase to the Ecumenical Temple.
  9887 | Temple   | Entered the Ecumenical Temple
  9887 | Temple   | Found a transporter.
  9887 | Temple   | Found a transporter.
  9889 | Temple   | Found a transporter.
  9889 | Temple   | Found a transporter.
  9925 | Temple   | Became a worshipper of Hepliaklqana the Forgotten
 11199 | D:9      | Reached * piety under Hepliaklqana
 11317 | D:9      | Noticed a two-headed ogre
 11334 | D:9      | Killed a two-headed ogre
 11507 | D:9      | Reached skill level 10 in Axes
 12007 | D:10     | Entered Level 10 of the Dungeon
 12050 | D:10     | You are sucked into a shaft and drop 2 floors!
 12082 | D:12     | Reached skill level 11 in Axes
 12082 | D:12     | Reached XP level 11. HP: 93/93 MP: 11/11
 12643 | D:12     | Reached ** piety under Hepliaklqana
 12650 | D:12     | Remembered your ancestor autism as a battlemage
 12655 | D:12     | Reached XP level 12. HP: 90/100 MP: 12/12
 14030 | D:10     | Noticed Sonja
 14039 | D:10     | Killed Sonja
 14040 | D:10     | Reached skill level 12 in Axes
 14058 | D:10     | Killed from afar by a gargoyle

Illustrated notes

Levels and vault maps discovered:
D:1:      lightli_arrival_chessboard, layout_basic, serial_rivers,
          chequers_serial_rivers_micro_d, chequers_serial_rivers_marsh,
          chequers_serial_rivers_large_b, chequers_serial_rivers_large_a,
          chequers_serial_rivers_small_b, st_stairs_9
D:2:      layout_basic, ebering_ecumenical_altar_ruins, nicolae_shop_vocational
D:3:      layout_basic
D:4:      layout_loops_corners, serial_shops, nicolae_shop_behind_doors,
          minivault_5, hex_medium, uniq_edmund, uniq_eustachio
D:5:      layout_basic, gammafunk_temple_overflow_forgotten,
          mainiacjoe_overflow_big_doors, gup_ossuary_entry_pyramid,
          gammafunk_ghost_stat_death, uniq_sigmund
D:6:      layout_basic, gammafunk_ghost_smash, minmay_splitting_lines,
          uniq_blork_the_orc
D:7:      layout_gridville, minmay_temple_entry_poolview
D:8:      layout_loops_ring
D:9:      layout_roguey, kennysheep_flooded_box
D:10:     layout_loops_ring, due_lair_maze_entry_diamond, zombieorc1_lemuel,
          kennysheep_small_spiral, nicolae_sextant, uniq_sonja, uniq_harold
D:11:     layout_roguey [special_room_orc], special_room [special_room_orc],
          minmay_st_funbox, nooodl_orcs_dogs
D:12:     layout_cave_pools, nrook_campfire
Temple:   hellmonk_temple_divided_pantheon

Skill      XL: |  1  2  3  4  5  6  7  8  9 10 11 12 |
---------------+-------------------------------------+-----
Shields        | 3 4 5 6 7 8 |  8.2
Axes           | 3 4 5 7 8 11 12 | 12.0
Armour         | 3 4 5 7 |  7.4
Fighting       | 4 5 6 8 9 |  9.0
Stealth        | 2 8 |  8.3

Action                     |  1- 3 |  4- 6 |  7- 9 | 10-12 || total
---------------------------+-------+-------+-------+-------++-------
  Melee: War axe           |   112 |   114 |   504 |   275 ||  1005
 Invoke: Ancestor Identity |       |       |       |     1 ||     1
         Recall Ancestor   |       |       |       |     1 ||     1
         Ancestor Life: Ba |       |       |       |     1 ||     1
  Evoke: Wand              |       |       |     8 |     7 ||    15
    Use: Scroll            |       |     5 |    11 |     6 ||    22
         Potion            |       |     5 |     5 |    17 ||    27
   Stab: Invisible         |       |       |     2 |     5 ||     7
         Paralysed         |       |       |     2 |       ||     2
 Armour: Scale mail        |    72 |    57 |   155 |       ||   284
         Chain mail        |       |       |    92 |   110 ||   202
         Plate armour      |       |       |       |    21 ||    21
  Dodge: Dodged            |    70 |    45 |   157 |   102 ||   374
  Block: Buckler           |    35 |    25 |    86 |       ||   146
         Kite shield       |       |       |    56 |   201 ||   257

Table legend: (Time is in decaauts)
 A = Elapsed time spent in this place.
 B = Non-inter-level travel time spent in this place.
 C = Inter-level travel time spent in this place.
 D = Time resting spent in this place.
 E = Time spent auto-exploring this place.
 F = Levels seen in this place.
 G = Mean time per level.
                   A        B        C        D        E       F      G
               +--------+--------+--------+--------+--------+-----+--------+
         Total |  16729 |  16023 |    706 |   5006 |   8337 |  14 | 1194.9 |
       Dungeon |  15351 |  14670 |    681 |   4448 |   8016 |  12 | 1279.2 |
        Temple |     75 |     51 |     24 |      0 |      7 |   1 |   75.0 |
       Ossuary |   1302 |   1302 |      0 |    558 |    313 |   1 | 1302.0 |
               +--------+--------+--------+--------+--------+-----+--------+

Top non-repeatable levels by time:
     D:4: 2138 daAuts
     D:6: 2123 daAuts
     D:3: 1931 daAuts
    D:12: 1585 daAuts
     D:5: 1559 daAuts
 Ossuary: 1302 daAuts
     D:7: 1230 daAuts
     D:1: 1189 daAuts
     D:8: 1186 daAuts
     D:9: 899 daAuts
     D:2: 812 daAuts
    D:10: 410 daAuts
    D:11: 286 daAuts
  Temple: 75 daAuts
